 Dungeon Crawl Stone Soup version 0.27-a0-760-gc38aae387d (webtiles) character file.

Game seed: 12350888807108916461

112 funkygono the Magician (level 4, -1/31 HPs)
             Began as a Djinni Fire Elementalist on Mar 24, 2021.
             Slain by Ijyb
             ... wielding a +0 dagger
              (2 damage)
             ... on level 2 of the Dungeon.
             The game lasted 00:04:34 (3017 turns).

funkygono the Magician (Djinni Fire Elementalist)   Turns: 3017, Time: 00:04:35

Health: -1/31      AC:  2    Str:  7    XL:     4   Next: 95%
Gold:   94         EV: 12    Int: 17    God:
                   SH:  0    Dex: 14

rFire    + + .     SeeInvis .   f - +0 dagger
rCold    x . .     Faith    .   (no shield)
rNeg     . . .     Spirit   .   a - +0 robe
rPois    ∞         Reflect  .   (no helmet)
rElec    .         Harm     .   (no cloak)
rCorr    .         Rampage  .   (no gloves)
Will     .....                  (boots unavailable)
Stlth    ++........             (no amulet)
HPRegen  0.10/turn              (no ring)
MPRegen  0.00/turn              (no ring)

@: flying
A: fire resistance 2, cold vulnerability 1, float, innate caster, hp casting,
extra vitality 1
a: no special abilities


You were on level 2 of the Dungeon.
You visited 1 branch of the dungeon, and saw 2 of its levels.

You collected 94 gold pieces.

Inventory:

Hand Weapons
 f - a +0 dagger (weapon)
Armour
 a - a +0 robe (worn)
 c - a +0 scale mail
Scrolls
 b - a scroll of teleportation {unknown}
Potions
 d - 2 potions of attraction
 g - a potion of degeneration {unknown}


   Skills:
 + Level 2.6 Dodging
 - Level 1.5 Stealth
 * Level 4.5 Spellcasting


You couldn't memorise any spells.
You knew the following spells:

 Your Spells              Type           Power      Damage    Failure   Level
a - Foxfire               Conj/Fire      76%        2x1d7     2%          1
b - Conjure Flame         Conj/Fire      19%        6-21      7%          3
c - Inner Flame           Hex/Fire       19%        N/A       7%          3
d - Sticky Flame          Conj/Fire      19%        2d4       22%         4
e - Fireball              Conj/Fire      9%         3d6       54%         5
f - Shock                 Conj/Air       76%        1d7       2%          1
Your spell library was empty.

Dungeon Overview and Level Annotations

Branches:
Dungeon (2/15)

Altars:
Trog

Annotations:
D:2 1 runed translucent door, Crazy Yiuf, Ijyb


Innate Abilities, Weirdness & Mutations

You are immune to poison.
Your flesh is very heat resistant. (rF++)
You are vulnerable to cold. (rC-)
You float through the air rather than walking.
You learn spells naturally, not from books.
Your magical power is your life essence.
You have superior vitality. (+4 HP)


Message History

The floor.
Ijyb is nearby!
It was a potion of curing.
You feel better. Ijyb barely misses you.
Casting: Foxfire (safe; 2% risk of failure)
Confirm with . or Enter, or press ? or * to list all spells.
You conjure some foxfire!
Ijyb hits you with a +0 dagger.
The foxfire hits Ijyb but does no damage.
Ijyb is moderately wounded.
The foxfire hits Ijyb but does no damage.
Ijyb is moderately wounded.
Ijyb hits you but does no damage.
Casting: Foxfire (safe; 2% risk of failure)
Confirm with . or Enter, or press ? or * to list all spells.
You conjure some foxfire!
* * * LOW HITPOINT WARNING * * *
Ijyb hits you with a +0 dagger.
* * * LOW HITPOINT WARNING * * *
The foxfire hits Ijyb.
Ijyb is moderately wounded.
The foxfire hits Ijyb.
Ijyb is heavily wounded.
Ijyb closely misses you.
Casting: Foxfire (safe; 2% risk of failure)
Confirm with . or Enter, or press ? or * to list all spells.
You conjure some foxfire!
* * * LOW HITPOINT WARNING * * *
Ijyb hits you with a +0 dagger.
* * * LOW HITPOINT WARNING * * *
You feel better.
The foxfire hits Ijyb.
Ijyb is heavily wounded.
The foxfire hits Ijyb.
Ijyb is severely wounded.
Ijyb hits you with a +0 dagger.
* * * LOW HITPOINT WARNING * * *
Casting: Foxfire (safe; 2% risk of failure)
Confirm with . or Enter, or press ? or * to list all spells.
You conjure some foxfire!
* * * LOW HITPOINT WARNING * * *
Ijyb hits you with a +0 dagger.
You die...

##### #.#8.$. #...##
#g#.g.. #.#..#
#.#8... #.##.#
#g#.... ####.##.#
#.#8... #....##.# #)#
#....##.# ##.# #
#....##v##########..#
#
#....##.@v.........##
#
#....###g###########
###
#........>........
...
#....#.#..########
### #....#.##....[# #
#....#.######.# #
#......# #.# #
######)## #.# #..#
#.# ##


You could see Ijyb (ally target).

Vanquished Creatures
  Jessica (D:2)
  2 adders
  2 dart slugs
  4 ball pythons
  7 bats
  7 endoplasms
  2 giant cockroaches
  11 goblins
  3 hobgoblins (D:1)
  7 jackals (D:1)
  A quokka (D:1)
  3 frilled lizards
  3 kobolds
  5 rats (D:1)
58 creatures vanquished.

Vanquished Creatures (others)
  156 foxfires
156 creatures vanquished.

Grand Total: 214 creatures vanquished

Notes
Turn   | Place    | Note
-------+----------+-------------------------------------------
     0 | D:1      | funkygono the Djinni Fire Elementalist began the quest for
                  | the Orb.
     0 | D:1      | Reached XP level 1. HP: 15/15 MP: 0/0
   201 | D:1      | Reached skill level 3 in Spellcasting
   210 | D:1      | Reached XP level 2. HP: 18/21 MP: 0/0
   864 | D:1      | Reached XP level 3. HP: 24/25 MP: 0/0
   864 | D:1      | Learned a level 1 spell: Shock
  1893 | D:2      | Noticed Jessica
  1899 | D:2      | Reached skill level 4 in Spellcasting
  2087 | D:1      | Reached XP level 4. HP: 3/31 MP: 0/0
  2406 | D:2      | Found a runed translucent door.
  2407 | D:2      | Noticed Crazy Yiuf
  2659 | D:2      | Killed Jessica
  2816 | D:2      | Found a bloodstained altar of Trog.
  2971 | D:2      | Noticed Ijyb
  3015 | D:2      | HP: 1/31 [Ijyb/+0 dagger (5)]
  3017 | D:2      | Slain by Ijyb

Illustrated notes

Levels and vault maps discovered:
D:1:      scummos_arrival_hexagon, layout_loops_corners, minmay_distorted
D:2:      kennysheep_the_goblin_king, layout_rooms, lemuel_round_altar,
          uniq_jessica, uniq_crazy_yiuf_cottage

Skill      XL: |  1  2  3 |
---------------+----------+-----
Spellcasting   | 3 4 |  4.5
Dodging        | |  2.6
Stealth        | |  1.5

Action                   |  1- 3 |  4- 6 || total
-------------------------+-------+-------++-------
 Cast: Foxfire           |    66 |    41 ||   107
       Conjure Flame     |     1 |       ||     1
  Use: Scroll            |     2 |       ||     2
       Potion            |       |     2 ||     2
Armor: Robe              |    10 |     1 ||    11
Dodge: Dodged            |    21 |    13 ||    34

Table legend: (Time is in decaauts)
 A = Elapsed time spent in this place.
 B = Non-inter-level travel time spent in this place.
 C = Inter-level travel time spent in this place.
 D = Time resting spent in this place.
 E = Time spent auto-exploring this place.
 F = Levels seen in this place.
 G = Mean time per level.
                   A        B        C        D        E       F      G
               +--------+--------+--------+--------+--------+-----+--------+
         Total |   3018 |   2989 |     29 |    279 |   2274 |   2 | 1509.0 |
       Dungeon |   3018 |   2989 |     29 |    279 |   2274 |   2 | 1509.0 |
               +--------+--------+--------+--------+--------+-----+--------+

Top non-repeatable levels by time:
     D:1: 2361 daAuts
     D:2: 656 daAuts
